 Dungeon Crawl Stone Soup version 0.23-a0-143-g1adec7b (webtiles) character file.

128 Amnesiac the Chiller (level 4, -4/30 HPs)
             Began as a Mummy Ice Elementalist on Sept 3, 2018.
             Slain by Sigmund
             ... wielding a +3 scythe of venom
              (6 damage)
             ... on level 4 of the Dungeon.
             The game lasted 00:05:55 (2054 turns).

Amnesiac the Chiller (Mummy Ice Elementalist)       Turns: 2054, Time: 00:05:56

Health: -4/30      AC: 11    Str: 11    XL:     4   Next: 87%
Magic:  1/10       EV:  8    Int: 15    God:
Gold:   85         SH:  0    Dex: 12    Spells: 7/11 levels left

rFire    x . .     SeeInvis .   a - +0 club
rCold    + . .     Gourm    .   (no shield)
rNeg     + + +     Faith    .   d - +0 pearl dragon scales
rPois    ∞         Spirit   .   (no helmet)
rElec    .         Reflect  .   (no cloak)
rCorr    .         Harm     .   f - +0 pair of gloves
MR       .....                  (no boots)
Stlth    ..........             (no amulet)
HPRegen  0.10/turn              (no ring)
MPRegen  0.12/turn              (no ring)

@: very slightly contaminated
A: no food or potions, fire vulnerability, cold resistance 1, negative energy
resistance 3, torment resistance, unbreathing
a: no special abilities


You were on level 4 of the Dungeon.
You were not hungry.

You visited 1 branch of the dungeon, and saw 4 of its levels.

You collected 85 gold pieces.

Inventory:

Hand Weapons
 a - a +0 club (weapon)
Armour
 d - +0 pearl dragon scales (worn)
 e - a +0 buckler
 f - a +0 pair of gloves (worn)
Scrolls
 b - a scroll of blinking {!r, unknown}
 c - a scroll of teleportation {!r}
 g - a scroll of identify {!r, unknown}
 h - a scroll of remove curse {!r}


   Skills:
 - Level 1.5 Dodging
 - Level 1.5 Stealth
 + Level 4.0 Spellcasting
   Level 0.7 Conjurations
 * Level 4.1 Ice Magic


You had 7 spell levels left.
You knew the following spells:

 Your Spells              Type           Power        Failure   Level  Hunger
a - Freeze                Ice            ###.         30%         1    N/A
b - Ozocubu's Armour      Chrm/Ice       #.......     91%         3    N/A

Your spell library contained the following spells:

 Spells                   Type           Power        Failure   Level  Hunger
 Throw Frost              Conj/Ice       ##....       67%         2    N/A
 Throw Icicle             Conj/Ice       ##......     99%         4    N/A
 Summon Ice Beast         Ice/Summ       #.......     100%        4    N/A

Dungeon Overview and Level Annotations

Branches:
Dungeon (4/15)
 Temple: D:4-7

Altars:

Annotations:
D:4 Sigmund


Innate Abilities, Weirdness & Mutations

You do not eat or drink.
Your flesh is vulnerable to fire.
You are immune to poison.
Your flesh is cold resistant. (rC+)
You are immune to negative energy. (rN+++)
You are immune to unholy pain and torment.
You can survive without breathing.


Message History

You miscast Freeze.
Frost spreads across the the floor.
Casting: Freeze (safe; 30% risk of failure)
Confirm with . or Enter, or press ? or * to list all spells.
Aiming: Freeze (safe; 30% risk of failure)
Press: ? - help, Shift-Dir - straight line, f/p - Sigmund
Aim: Sigmund, wielding a scythe of venom and wearing a robe (moderately You freeze Sigmund.
Sigmund completely resists.
Sigmund is moderately wounded.
Sigmund casts a spell.
Sigmund flickers and vanishes!
Deactivating autopickup; reactivate with Ctrl-A.
The quokka twitches its whiskers.
Casting: Freeze (safe; 30% risk of failure)
Confirm with . or Enter, or press ? or * to list all spells.
You can't see any susceptible monsters within range! (Use Z to cast anyway.)
Casting: Freeze (safe; 30% risk of failure)
Confirm with . or Enter, or press ? or * to list all spells.
You can't see any susceptible monsters within range! (Use Z to cast anyway.)
Casting: Freeze (safe; 30% risk of failure)
Confirm with . or Enter, or press ? or * to list all spells.
You can't see any susceptible monsters within range! (Use Z to cast anyway.)
Casting: Freeze (safe; 30% risk of failure)
Confirm with . or Enter, or press ? or * to list all spells.
You don't know that spell.
Unknown command.
Casting: Freeze (safe; 30% risk of failure)
Confirm with . or Enter, or press ? or * to list all spells.
Aiming: Freeze (safe; 30% risk of failure)
Press: ? - help, Shift-Dir - straight line You miscast Freeze.
Nothing appears to happen.
Something hits you.
* * * LOW HITPOINT WARNING * * *
Casting: Freeze (safe; 30% risk of failure)
Confirm with . or Enter, or press ? or * to list all spells.
Aiming: Freeze (safe; 30% risk of failure)
Press: ? - help, Shift-Dir - straight line You freeze something.
You hear some strange, mumbled words.
A puff of flame appears from out of thin air!
The puff of flame hits you! The fire burns you terribly!
* * * LOW HITPOINT WARNING * * *
Casting: Freeze (safe; 30% risk of failure)
Confirm with . or Enter, or press ? or * to list all spells.
Aiming: Freeze (safe; 30% risk of failure)
Press: ? - help, Shift-Dir - straight line You freeze something.
Something hits you.
* * * LOW HITPOINT WARNING * * *
Casting: Freeze (safe; 30% risk of failure)
Confirm with . or Enter, or press ? or * to list all spells.
Aiming: Freeze (safe; 30% risk of failure)
Press: ? - help, Shift-Dir - straight line You miscast Freeze.
Frost spreads across the the floor.
Casting: Freeze (safe; 30% risk of failure)
Confirm with . or Enter, or press ? or * to list all spells.
Aiming: Freeze (safe; 30% risk of failure)
Press: ? - help, Shift-Dir - straight line You freeze something.
Something hits you but does no damage.
Casting: Freeze (safe; 30% risk of failure)
Confirm with . or Enter, or press ? or * to list all spells.
Aiming: Freeze (safe; 30% risk of failure)
Press: ? - help, Shift-Dir - straight line, f - you That would be overly suicidal.
Okay, then.
You hit something but do no damage. Something hits you.
You die...

#.#.#.###.###......#..#
#.#......# ######.#...
#........# #.#.#.
#......###### #.#...
##..(........ #.....
#..)........ ##<#.#.
###.#....... #.#....
#.#....... ##.....
#@#....... ##...#
#....{..%.... #....
#.##.#.<..?.. #.#.# #
#.#.###### #.#.# ..#r#
#.#.# ### ....#


There were no monsters in sight!

Vanquished Creatures
  An iguana (D:4)
  3 adders
  4 gnolls (D:4)
  An ooze (D:1)
  A worm (D:4)
  A leopard gecko (D:2)
  3 bats (D:1)
  2 giant cockroaches (D:1)
  4 goblins
  2 hobgoblins
  4 jackals (D:1)
  A frilled lizard (D:1)
  3 kobolds
  A rat (D:1)
31 creatures vanquished.

Notes
Turn   | Place    | Note
-------+----------+-------------------------------------------
     0 | D:1      | Amnesiac the Mummy Ice Elementalist began the quest for the
                  | Orb.
     0 | D:1      | Reached XP level 1. HP: 13/13 MP: 4/4
   132 | D:1      | Reached XP level 2. HP: 4/19 MP: 0/5
  1200 | D:2      | Reached XP level 3. HP: 24/24 MP: 0/7
  1205 | D:2      | Learned a level 3 spell: Ozocubu's Armour
  1643 | D:4      | Reached XP level 4. HP: 25/30 MP: 0/9
  2039 | D:4      | Noticed Sigmund
  2051 | D:4      | HP: 1/30 [something (5)]
  2054 | D:4      | Slain by Sigmund

Vault maps used:
D:1:      dpeg_arrival_ternary, moated_statue, minmay_misc_feat_alley,
          minivault_25, hangedman_decor_opposing, serial_bayou_lake_a
D:2:      uniq_terence, uniq_jessica
D:3:      serial_bayou, serial_bayou_pond_e, serial_bayou_pond_e,
          serial_bayou_lagoon_b, serial_bayou_ford_a, serial_bayou_pond_a,
          ebering_ghost_gozag
D:4:      first_ration, lemuel_angel_altar, uniq_sigmund

Skill      XL: |  1  2  3  4 |
---------------+-------------+-----
Ice Magic      | 3 4 |  4.1
Spellcasting   | 3 4 |  4.0
Dodging        | |  1.5
Stealth        | |  1.5
Conjurations   | |  0.7

Action                   |  1- 3 |  4- 6 || total
-------------------------+-------+-------++-------
Melee: Club              |    90 |     3 ||    93
 Cast: Freeze            |    38 |    22 ||    60
  Use: Scroll            |     1 |     1 ||     2
Armor: Robe              |     2 |       ||     2
       Pearl dragon scal |    96 |    15 ||   111
Dodge: Dodged            |    82 |     8 ||    90

Table legend:
 A = Non-vault XP
 B = Vault XP
 C = Vault XP percentage of total XP
 D = Non-vault monster count
 E = Vault monster count
 F = Vault count percentage of total count
                 A         B        C        D         E       F
            +---------+---------+-------+---------+---------+-------
      Total |     184 |       0 |   0.0 |      31 |       0 |   0.0
            +---------+---------+-------+---------+---------+-------
        D:1 |      35 |       0 |   0.0 |      17 |       0 |   0.0
        D:2 |      22 |       0 |   0.0 |       5 |       0 |   0.0
        D:3 |      15 |       0 |   0.0 |       2 |       0 |   0.0
        D:4 |     112 |       0 |   0.0 |       7 |       0 |   0.0
            +---------+---------+-------+---------+---------+-------
